 Dungeon Crawl Stone Soup version 0.28-b1-25-g9875b3fc8c (webtiles) character file.

Game seed: 4937686588068143027

86 adizb the Sneak (level 4, -1/30 HPs)
             Began as an Octopode Brigand on Feb 2, 2022.
             Killed from afar by an orc wizard (6 damage)
             ... with a magic dart
             ... on level 2 of the Dungeon.
             The game lasted 00:11:35 (1509 turns).

adizb the Sneak (Octopode Brigand)                  Turns: 1509, Time: 00:11:36

Health: -1/30      AC:  1    Str: 10    XL:     4   Next: 49%
Magic:  4/4        EV: 13    Int: 13    God:
Gold:   35         SH:  0    Dex: 15    Spells: 3/3 levels left

rFire   . . .      SeeInvis .   d - +0 falchion
rCold   . . .      Faith    .   (no shield)
rNeg    . . .      Spirit   .   (helmet restricted)
rPois   .          Reflect  .   a - amulet of magic regeneration
rElec   .          Harm     .   (no ring)
rCorr   .          Rampage  .   (no ring)
Will    .....                   (no ring)
Stlth   ++++......              (no ring)
HPRegen 0.10/turn               (no ring)
MPRegen 0.49/turn               (no ring)
                                (no ring)
                                (no ring)

@: no status effects
A: almost no armour, amphibious, 8 rings, camouflage 1, gelatinous body 1,
(nimble swimmer 1), tentacles
a: no special abilities


You were on level 2 of the Dungeon.
You visited 1 branch of the dungeon, and saw 3 of its levels.

You collected 35 gold pieces.

Inventory:

Hand Weapons
 d - a +0 falchion (weapon)
Missiles
 b - 12 poisoned darts
 c - 2 curare-tipped darts
 i - 3 boomerangs (quivered)
Jewellery
 a - an amulet of magic regeneration (around mantle)
Scrolls
 e - a scroll of identify {unknown}
 f - a scroll of enchant armour {unknown}
 g - a scroll of vulnerability {unknown}
 h - a scroll of torment {unknown}
 j - a scroll of teleportation {unknown}


   Skills:
 + Level 2.4 Fighting
 - Level 2.0(2.2) Short Blades
 + Level 0.9(1.6) Long Blades
 * Level 2.6 Throwing
 + Level 1.7 Dodging
 + Level 6.1 Stealth
 - Level 0.3 Shields
 + Level 1.0 Unarmed Combat


You had 3 spell levels left.
You didn't know any spells.
Your spell library contained the following spells:

 Spells                   Type           Power      Damage    Failure   Level
 Sting                    Tmut/Pois      0%         1d3       30%         1
 Poisonous Vapours        Pois/Air       0%         N/A       43%         2
 Olgreb's Toxic Radiance  Pois           0%         N/A       97%         4


Dungeon Overview and Level Annotations

Branches:
Dungeon (3/15)

Altars:


Innate Abilities, Weirdness & Mutations

You cannot wear most types of armour.
You are amphibious.
You can wear up to eight rings at the same time.
Your skin changes colour to match your surroundings (Stealth+).
Your rubbery body absorbs attacks. (AC +1, EV +1)
((You are camouflaged when in or above water. (Stealth+)))
You have tentacles for arms and can constrict up to eight enemies at once.


Message History

You are confused.
In your confused state, you trip and fall back down the stairs.
Something hits you.
In your confused state, you trip and fall back down the stairs.
Something hits you but does no damage. The orc closely misses you.
You hear some strange, mumbled words.
Something tries to affect you, but you resist.
The orc hits you with a +0 mace.
* * * LOW HITPOINT WARNING * * *
You climb upwards.
Reactivating autopickup.
You feel less confused.
There is a stone staircase leading down here.
You hear some strange, mumbled words.
Deactivating autopickup; reactivate with Ctrl-A.
Something tries to affect you, but you resist.
You hit the orc. You grab the orc.
The orc is lightly wounded.
You constrict the orc. The orc closely misses you.
You hit the orc. You squeeze the orc.
You kill the orc!
You hear some strange, mumbled words.
Something tries to affect you, but you resist.
Something hits you.
* * * LOW HITPOINT WARNING * * *
Things that are here:
a +0 mace; a +0 ring mail; an orc corpse You hear some strange, mumbled words.
A puff of flame appears from out of thin air!
The puff of flame misses you. Something barely misses you.
Things that are here:
a +0 mace; a +0 ring mail; an orc corpse You closely miss something.
Something hits you.
* * * LOW HITPOINT WARNING * * *
You miss something. Your squeeze misses something.
You hear some strange, mumbled words.
A magic dart appears from out of thin air!
The magic dart hits you.
You die...

#.#
#......#.##.#
#.#
#.##.#...##.#
#.#
#.##.#..###.#
#.#
#.##.#..###.#
#.# ##.##.#...
... #.#
#.....#..# #.#
#.# #..####..#
#.# #.#
#..####..###†#
#@#
#.............
###{#
#.......####..
#...#
#.####..######
#.###
#.............
#.#
######.#######
#.# #.# # #.#
#.# # #.#
#.####### #.#
#........


There were no monsters in sight!

Vanquished Creatures
  An iguana (D:2)
  2 adders (D:2)
  A dart slug (D:2)
  An orc (D:2)
  4 ball pythons
  8 endoplasms
  3 giant cockroaches
  3 goblins
  2 hobgoblins
  A quokka (D:2)
  3 bats
  4 frilled lizards
  3 kobolds (D:2)
  4 rats
  A spectral hobgoblin (D:1)
41 creatures vanquished.

Notes
Turn   | Place    | Note
-------+----------+-------------------------------------------
     0 | D:1      | adizb the Octopode Brigand began the quest for the Orb.
     0 | D:1      | Reached XP level 1. HP: 14/14 MP: 1/1
   361 | D:1      | Reached XP level 2. HP: 17/19 MP: 2/2
   372 | D:1      | Found a faded altar of an unknown god.
   911 | D:2      | Reached XP level 3. HP: 15/24 MP: 3/3
   990 | D:2      | Reached skill level 6 in Stealth
  1122 | D:2      | Reached skill level 1 in Unarmed Combat
  1122 | D:2      | Reached XP level 4. HP: 16/30 MP: 4/4
  1509 | D:2      | Killed from afar by an orc wizard

Illustrated notes

Levels and vault maps discovered:
D:1:      nzn_arrival_settlement, layout_basic,
          dreamdust_ecumenical_altar_drowned_temple, minmay_pentomino_t4
D:2:      layout_loops_ring, st_stairs_4
D:3:      layout_loops_ring, serial_glass, glass_columns_a, glass_columns_a

Skill      XL: |  1  2  3 |
---------------+----------+-----
Stealth        | 6 |  6.1
Unarmed Combat | 1 |  1.0
Fighting       | |  2.4
Short Blades   | |  2.0
Long Blades    | |  0.9
Throwing       | |  2.6
Dodging        | |  1.7
Shields        | |  0.3

Action                   |  1- 3 |  4- 6 || total
-------------------------+-------+-------++-------
Melee: Falchion          |    57 |     9 ||    66
       Constrict         |    10 |     1 ||    11
       Tentacles         |    10 |     1 ||    11
       Punch             |     1 |       ||     1
Throw: Dart              |    42 |    16 ||    58
       Boomerang         |       |    10 ||    10
 Stab: Sleeping          |     5 |       ||     5
Armor: Skin              |     5 |     1 ||     6
Dodge: Dodged            |    35 |     5 ||    40
